Map: King Sejong Station LE

Players

Blackearth - Winner!

  • Race: Terran Terran
  • League: Platinum

blackxored

  • Race: Zerg Zerg
  • League: Diamond

VOD

Have the link to the VOD?

Description

Time

  • Played on: July 3, 2016, 8:25 a.m.
  • Length: 16:25
Show
View Real Time Build Order
Export as new Build Order

Blackearth Terran - Winner!

Build Orders:  

Get SALT Encoding   

  12  0:01  SCV  
  13  0:13  SCV  
  14  0:17  Supply Depot  
  14  0:25  SCV  
  15  0:32  Refinery  
  15  0:39  SCV  
  16  0:48  Barracks  
  16  0:52  SCV  
  17  1:04  SCV  
  18  1:16  SCV  
  19  1:35  Orbital Command  
  19  1:36  Marine  
  20  1:47  Command Center  
  20  1:53  Marine  
  21  1:59  Supply Depot  
  21  2:02  SCV  
  22  2:13  Barracks Reactor  
  22  2:17  Factory  
  22  2:19  SCV  
  23  2:25  Refinery  
  23  2:35  SCV  
  24  2:50  SCV  
  25  3:00  Orbital Command  
  25  3:13  Starport  
  25  3:15  Hellion x2  
  25  3:18  SCV  
  30  3:23  Armory  
  30  3:25  Marine  
  31  3:28  Orbital Command  
  31  3:30  SCV  
  32  3:36  Hellion x2  
  36  3:52  Marine, SCV  
  36  3:53  Medivac  
  40  3:59  SCV  
  40  4:01  Hellion  
  40  4:02  Supply Depot  
  43  4:04  SCV  
  43  4:08  Liberator  
  44  4:11  SCV  
  44  4:12  Marine  
  44  4:13  Supply Depot  
  46  4:23  SCV  
  49  4:24  Hellion  
  52  4:32  SCV  
  52  4:34  Supply Depot  
  52  4:36  SCV  
  52  4:37  Barracks Tech Lab  
  54  4:41  Supply Depot  
  54  4:44  SCV  
  55  4:46  Hellion x2  
  55  4:50  SCV  
  60  4:58  Marine  
  60  4:59  SCV  
  62  5:02  Refinery, SCV  
  57  5:26  Marine  
  57  5:28  Hellion x2  
  62  5:35  Supply Depot  
  62  5:44  Marine  
  62  5:46  Command Center  
  62  5:47  Barracks, SCV x2  
  62  5:48  Barracks  
  65  5:50  Barracks  
  65  6:02  Reaper  
  64  6:20  Widow Mine x2  
  64  6:22  Starport Reactor  
  64  6:24  Stimpack  
  64  6:25  SCV  
  69  6:27  SCV  
  70  6:34  Marine  
  70  6:37  SCV  
  72  6:42  Barracks Reactor x2, Barracks Tech Lab  
  72  6:44  SCV  
  73  6:52  Marine  
  71  6:57  Engineering Bay  
  71  6:58  Engineering Bay  
  71  6:59  Orbital Command  
  71  7:00  Widow Mine x2  
  75  7:03  Supply Depot  
  75  7:05  Supply Depot  
  75  7:09  SCV x2  
  75  7:13  Medivac  
  75  7:14  Medivac  
  81  7:20  Marine x4  
  81  7:21  SCV x2  
  81  7:22  Marauder x2  
  91  7:33  SCV  
  91  7:34  SCV  
  91  7:35  Orbital Command  
  91  7:36  Widow Mine x2  
  97  7:38  Marine x2  
  97  7:43  Marine  
  97  7:44  Marine  
  101  7:45  Medivac  
  101  7:46  Medivac  
  101  7:47  SCV x2  
  101  7:48  Terran Infantry Weapons Level 1  
  101  7:49  Terran Infantry Armor Level 1  
  107  7:57  Marine x2  
  109  8:06  Marine x2  
  109  8:09  Marine, SCV x3  
  115  8:27  Marine x2  
  117  8:35  Marine x2  
  117  8:36  Marine  
  117  8:38  Widow Mine x2  
  109  8:46  Marine, Marauder  
  101  8:51  Marine  
  101  8:54  Marine x2  
  89  8:56  Marine  
  76  9:03  SCV x3  
  76  9:04  Marine  
  76  9:07  Marine  
  76  9:09  Marine  
  74  9:12  Marine x2, Orbital Command x2  
  74  9:14  Marauder, Orbital Command  
  74  9:15  SCV  
  68  9:21  Marine  
  68  9:25  Marine  
  68  9:27  Marine  
  68  9:30  Marine x2  
  72  9:36  Marauder  
  74  9:39  Marine  
  74  9:43  Marine  
  74  9:45  Marine  
  77  9:48  Marine x2  
  79  9:57  Marine x2  
  79  9:58  Missile Turret  
  81  10:01  Marine  
  81  10:02  Marine  
  81  10:03  Medivac  
  81  10:06  Marine x2  
  88  10:07  SCV  
  88  10:09  Missile Turret  
  88  10:12  SCV x2  
  90  10:14  Marine  
  90  10:15  Marine  
  90  10:20  Terran Infantry Weapons Level 2  
  92  10:24  Missile Turret  
  92  10:26  SCV  
  93  10:32  Marine x3  
  96  10:36  Medivac x2  
  96  10:37  Missile Turret  
  96  10:39  Marine x2  
  96  10:42  Marine  
  103  10:43  SCV x2  
  103  10:44  SCV  
  103  10:49  Marine  
  106  10:50  Marine  
  106  10:53  Supply Depot  
  106  10:54  Supply Depot, Marine  
  106  10:55  Supply Depot  
  106  10:56  Supply Depot x2  
  109  11:10  Barracks  
  109  11:12  Barracks  
  109  11:14  Marine x4, SCV x3  
  109  11:17  Supply Depot  
  116  11:18  Marine x2  
  118  11:32  Marine x4  
  120  11:38  Missile Turret  
  120  11:39  Missile Turret  
  108  11:44  SCV  
  101  11:58  Marine  
  101  11:59  Marine x4  
  106  12:03  SCV  
  107  12:13  Missile Turret  
  104  12:15  SCV  
  92  12:23  SCV x2  
  92  12:25  Marine x5  
  92  12:27  SCV  
  100  12:35  SCV x2  
  101  12:54  Liberator  
  101  12:58  Marine x3  
  101  12:59  SCV x2  
  101  13:00  SCV  
  107  13:09  Bunker  
  110  13:14  Marine x3  
  107  13:25  Marine x2  
  109  13:28  Marine  
  104  14:07  Liberator x2  
  85  14:20  Marine x2  
  85  14:23  Marine x3, Widow Mine  
  90  14:45  Marine x3  
  85  14:54  Marine x2  
  85  14:59  SCV x3  
  90  15:04  Marine  
  90  15:06  Marine x2  
  93  15:28  Marine  
  93  15:29  Marine x3  
  97  15:36  Barracks  
  97  15:38  Barracks  
  97  15:40  Refinery  
  97  15:42  Marine  
  97  15:46  Marine  
  97  15:47  SCV  
  97  15:49  SCV  
  101  15:51  Marine x2, Missile Turret  
  103  16:00  Marine x2  
  103  16:01  Factory Reactor  
  108  16:04  Marine  
Show
View Real Time Build Order
Export as new Build Order

blackxored Zerg 

Build Orders: Hatch First 

Get SALT Encoding   

  12  0:01  Drone  
  13  0:08  Drone  
  14  0:18  Overlord  
  14  0:22  Extractor  
  14  0:23  Drone  
  15  0:42  Drone x2  
  17  0:57  Hatchery  
  17  1:00  Drone  
  17  1:01  Drone  
  18  1:14  Extractor  
  18  1:18  Spawning Pool  
  16  1:21  Drone  
  16  1:24  Drone  
  18  1:28  Drone  
  19  1:38  Overlord  
  19  1:50  Drone  
  20  2:04  Queen  
  20  2:05  Zergling x2  
  23  2:09  Queen  
  23  2:10  Zergling x2  
  23  2:12  Zergling x2  
  23  2:15  Metabolic Boost  
  27  2:22  Zergling x4  
  29  2:34  Drone  
  29  2:35  Drone  
  31  2:46  Overlord  
  31  2:48  Queen  
  33  2:57  Pneumatized Carapace  
  33  3:08  Spore Crawler  
  33  3:11  Drone  
  33  3:12  Spore Crawler  
  32  3:13  Drone  
  33  3:24  Drone  
  34  3:28  Lair  
  34  3:37  Zergling x6  
  34  3:38  Zergling x2  
  34  3:40  Queen  
  40  3:42  Overlord  
  38  3:50  Extractor  
  38  3:51  Drone x2  
  38  3:53  Drone  
  40  3:58  Drone x2  
  42  4:08  Drone x4  
  46  4:17  Baneling Nest  
  46  4:21  Spine Crawler  
  44  4:27  Queen  
  46  4:35  Queen  
  47  4:58  Zergling x2  
  47  4:59  Zergling x10  
  49  5:04  Queen  
  51  5:25  Queen  
  51  5:29  Drone  
  52  5:45  Spire, Drone  
  52  6:02  Nydus Network  
  52  6:04  Baneling x6  
  51  6:05  Baneling x5  
  51  6:20  Spore Crawler  
  51  6:23  Zergling x4  
  51  6:24  Overlord x2  
  52  6:28  Overlord x2  
  52  6:30  Overlord  
  52  6:44  Zergling x6  
  52  6:45  Zergling x10  
  59  7:00  Drone x4  
  63  7:07  Queen  
  65  7:16  Extractor  
  65  7:17  Drone x2  
  65  7:19  Extractor  
  65  7:25  Drone x2  
  67  7:38  Drone x4  
  67  7:41  Drone x2  
  67  7:43  Queen  
  75  7:52  Overseer  
  75  8:07  Nydus Canal  
  75  8:13  Spine Crawler  
  75  8:14  Spine Crawler  
  75  8:16  Zergling x14  
  67  9:06  Zergling x12  
  66  9:22  Mutalisk x2  
  66  9:31  Mutalisk x2  
  66  9:37  Mutalisk  
  72  9:44  Mutalisk  
  72  9:45  Hatchery  
  73  9:48  Mutalisk  
  75  9:55  Mutalisk x4  
  83  10:04  Overlord x2  
  83  10:07  Centrifical Hooks  
  83  10:15  Evolution Chamber, Mutalisk  
  83  10:16  Evolution Chamber  
  83  10:30  Mutalisk x5  
  83  10:31  Mutalisk x2  
  83  10:34  Hatchery  
  96  10:49  Zerg Melee Weapons Level 1, Zerg Ground Armor Level 1  
  96  10:52  Drone x4  
  93  11:45  Zergling x20  
  93  11:46  Zergling x6  
  97  12:24  Zergling x12  
  97  12:27  Overlord x5  
  97  12:29  Baneling x5  
  102  12:30  Baneling x17  
  102  12:50  Overseer  
  102  12:51  Zergling x2  
  102  12:52  Zergling x18  
  102  12:57  Drone x2  
  102  12:58  Drone  
  115  13:02  Overseer  
  115  13:12  Drone x2  
  117  13:14  Drone x4  
  117  13:18  Extractor  
  117  13:19  Extractor  
  103  13:29  Zergling x12  
  103  13:31  Baneling x3  
  103  13:32  Baneling  
  103  13:34  Baneling x2  
  109  13:35  Baneling  
  103  13:52  Baneling x15  
  103  13:53  Baneling  
  68  14:13  Zergling x2  
  68  14:14  Zergling x16  
  61  14:18  Overseer  
  59  14:30  Zergling x8  
  55  14:44  Zergling x2  
  55  14:45  Zergling x6  
  49  15:02  Zergling x4  
  49  15:03  Zergling x6  
  50  15:10  Overseer  
  50  15:50  Drone x11  
  61  16:15  Hatchery  
Tags
 
Add a new tag
Caveats
  • Supply blocks, unpowered buildings, or Contaminate may cause inaccurate times.
  • Supply counts are checked every 10 seconds.